 Dungeon Crawl Stone Soup version 0.28-a0-863-g8cecda6153 (webtiles) character file.

Game seed: 7506233401944938334

72 BinkBink the Shooter (level 4, -3/29 HPs)
             Began as an Octopode Hunter on Nov 20, 2021.
             Succumbed to an adder's poison
             ... on level 2 of the Dungeon.
             The game lasted 00:01:34 (970 turns).

BinkBink the Shooter (Octopode Hunter)               Turns: 970, Time: 00:01:35

Health: -3/29      AC:  1    Str: 11    XL:     4   Next: 25%
Magic:  4/4        EV: 13    Int: 13    God:
Gold:   119        SH:  0    Dex: 13    Spells: 3/3 levels left

rFire   . . .      SeeInvis .   a - +1 shortbow
rCold   . . .      Faith    .   (shield currently unavailable)
rNeg    . . .      Spirit   .   (helmet restricted)
rPois   .          Reflect  .   (no amulet)
rElec   .          Harm     .   (no ring)
rCorr   .          Rampage  .   (no ring)
Will    .....                   (no ring)
Stlth   +++.......              (no ring)
HPRegen 0.09/turn               (no ring)
MPRegen 0.09/turn               (no ring)
                                (no ring)
                                (no ring)

@: mighty, lethally poisoned (-3 -> -19)
A: almost no armour, amphibious, 8 rings, camouflage 1, gelatinous body 1,
(nimble swimmer 1), tentacles
a: no special abilities


You were on level 2 of the Dungeon.
You visited 1 branch of the dungeon, and saw 2 of its levels.

You collected 119 gold pieces.

Inventory:

Hand Weapons
 a - a +1 shortbow (weapon)
 b - a +0 short sword
Missiles
 c - 3 arrows (quivered ammo)
Jewellery
 d - an amulet of magic regeneration


   Skills:
 + Level 2.2 Fighting
 + Level 5.4 Bows
 + Level 2.2 Dodging
 + Level 1.5 Stealth


You had 3 spell levels left.
You didn't know any spells.
Your spell library was empty.

Dungeon Overview and Level Annotations

Branches:
Dungeon (2/15)

Altars:


Innate Abilities, Weirdness & Mutations

You cannot wear most types of armour.
You are amphibious.
You can wear up to eight rings at the same time.
Your skin changes colour to match your surroundings (Stealth+).
Your rubbery body absorbs attacks. (AC +1, EV +1)
((You are camouflaged near water. (Stealth+)))
You have tentacles for arms and can constrict up to eight enemies at once.


Message History

The arrow hits the adder but does no damage.
The adder is severely wounded.
The adder barely misses you.
You shoot an arrow. The arrow closely misses the adder.
The adder bites you.
You shoot an arrow. The arrow misses the adder.
The adder bites you.
You are poisoned.
The adder poisons you! The adder barely misses you.
You shoot an arrow. The arrow closely misses the adder.
You feel sick. The adder bites you.
You are more poisoned.
The adder poisons you!
You shoot an arrow.
The arrow hits the adder but does no damage.
The adder is heavily wounded.
You feel sick. The adder closely misses you. The ball python barely misses you.
The ball python grabs you. The ball python constricts you.
You shoot an arrow. The arrow hits the ball python!
You kill the ball python!
You feel sick. The adder bites you.
You are lethally poisoned!
The adder poisons you! The adder completely misses you.
It was a potion of might.
You feel very mighty all of a sudden.
* * * LOW HITPOINT WARNING * * *
You feel very sick.
The kobold hits you with a +0 short sword.
* * * LOW HITPOINT WARNING * * *
The adder bites you.
* * * LOW HITPOINT WARNING * * *
You are more poisoned.
The adder poisons you!
Really attack while wielding your +1 shortbow? [Y]es or [N]o only, please.
Really attack while wielding your +1 shortbow? [Y]es or [N]o only, please.
Really attack while wielding your +1 shortbow?
You barely miss the adder. You grab the adder.
The adder is heavily wounded.
You constrict the adder.
You die...

(.#### ((..# ###
#.K### ..#
#S@.#####..#
####..##...#
#.........#
#.####....## #
###...# ##..#
############..## ..
##..........)...#
...##..##########...#


You could see an adder and a kobold.

Vanquished Creatures
  Jessica (D:2)
  A worm (D:2)
  A dart slug (D:1)
  3 ball pythons
  3 bats
  An endoplasm (D:1)
  3 giant cockroaches (D:1)
  4 goblins
  4 hobgoblins
  7 jackals (D:1)
  2 quokkas (D:2)
  2 frilled lizards (D:1)
  A kobold (D:1)
  2 rats (D:1)
35 creatures vanquished.

Notes
Turn   | Place    | Note
-------+----------+-------------------------------------------
     0 | D:1      | BinkBink the Octopode Hunter began the quest for the Orb.
     0 | D:1      | Reached XP level 1. HP: 14/14 MP: 1/1
    60 | D:1      | Reached XP level 2. HP: 19/19 MP: 2/2
   371 | D:1      | Reached XP level 3. HP: 24/24 MP: 3/3
   576 | D:1      | Found a faded altar of an unknown god.
   838 | D:2      | Reached skill level 5 in Bows
   890 | D:2      | Noticed Jessica
   895 | D:2      | Killed Jessica
   896 | D:2      | Reached XP level 4. HP: 29/29 MP: 4/4
   970 | D:2      | Succumbed to an adder's poison

Illustrated notes

Levels and vault maps discovered:
D:1:      shiori_arrival_elements, layout_rooms,
          hellmonk_ecumenical_altar_zigzags, minmay_worlds_worst_comb
D:2:      layout_rooms, basic_altar, uniq_jessica, uniq_sigmund, uniq_robin,
          uniq_crazy_yiuf_cottage

Skill      XL: |  1  2  3 |
---------------+----------+-----
Bows           | 5 |  5.4
Fighting       | |  2.2
Dodging        | |  2.2
Stealth        | |  1.5

Action                   |  1- 3 |  4- 6 || total
-------------------------+-------+-------++-------
Melee: Shortbow          |       |     1 ||     1
       Constrict         |       |     1 ||     1
 Fire: Shortbow          |    70 |    12 ||    82
  Use: Potion            |       |     1 ||     1
Dodge: Dodged            |     9 |     5 ||    14

Table legend: (Time is in decaauts)
 A = Elapsed time spent in this place.
 B = Non-inter-level travel time spent in this place.
 C = Inter-level travel time spent in this place.
 D = Time resting spent in this place.
 E = Time spent auto-exploring this place.
 F = Levels seen in this place.
 G = Mean time per level.
                   A        B        C        D        E       F      G
               +--------+--------+--------+--------+--------+-----+--------+
         Total |    975 |    939 |     36 |      0 |    780 |   2 |  487.5 |
       Dungeon |    975 |    939 |     36 |      0 |    780 |   2 |  487.5 |
               +--------+--------+--------+--------+--------+-----+--------+

Top non-repeatable levels by time:
     D:1: 835 daAuts
     D:2: 140 daAuts
